 Dungeon Crawl Stone Soup version 0.28.0-53-g5a82cb258f (webtiles) character file.

Game seed: 3420782134473343692

165 hawla the Digger (level 5, -3/28 HPs)
             Began as a Deep Elf Earth Elementalist on June 12, 2022.
             Killed by divine providence
             ... invoked by an orc priest
              (15 damage)
             ... on level 3 of the Dungeon.
             The game lasted 00:08:35 (2777 turns).

hawla the Digger (Deep Elf Earth Elementalist)      Turns: 2777, Time: 00:08:35

Health: -3/28      AC:  2    Str:  7    XL:     5   Next: 22%
Magic:  1/13       EV: 13    Int: 20    God:
Gold:   118        SH:  0    Dex: 15    Spells: 6/12 levels left

rFire   . . .      SeeInvis .   l - +2 short sword (venom)
rCold   . . .      Faith    .   (no shield)
rNeg    . . .      Spirit   .   b - +0 robe
rPois   .          Reflect  .   (no helmet)
rElec   .          Harm     .   (no cloak)
rCorr   .          Rampage  .   (no gloves)
Will    .....                   (no boots)
Stlth   ++........              (no amulet)
HPRegen 0.09/turn               (no ring)
MPRegen 0.13/turn               (no ring)

@: no status effects
A: no striking features
a: no special abilities


You were on level 3 of the Dungeon.
You visited 1 branch of the dungeon, and saw 3 of its levels.

You collected 118 gold pieces.

Inventory:

Hand Weapons
 f - a +1 dagger of holy wrath
 l - a +2 short sword of venom (weapon)
Missiles
 c - 4 stones
 i - 3 poisoned darts
Armour
 b - a +0 robe (worn)
Wands
 j - a wand of paralysis (10)
Scrolls
 a - a scroll of magic mapping {unknown}
 d - a scroll of identify
 g - a scroll of enchant weapon {unknown}
Potions
 e - a potion of mutation {unknown}
 h - a potion of heal wounds {unknown}
 k - 2 potions of might {unknown}


   Skills:
 + Level 2.7 Dodging
 - Level 2.9 Stealth
 - Level 4.2 Spellcasting
 * Level 1.8 Conjurations
 + Level 1.1 Transmutations
 * Level 5.3 Earth Magic


You had 6 spell levels left.
You knew the following spells:

 Your Spells              Type           Power      Damage    Failure   Level
a - Sandblast             Erth           50%        2d12      1%          1
b - Passwall              Tmut/Erth      14%        N/A       4%          2
c - Stone Arrow           Conj/Erth      36%        3d9       9%          3

Your spell library contained the following spells:

 Spells                   Type           Power      Damage    Failure   Level
 Foxfire                  Conj/Fire      28%        2x1d5     9%          1
 Sting                    Tmut/Pois      24%        1d4       10%         1
 Corpse Rot               Necr/Air       8%         N/A       19%         2
 Poisonous Vapours        Pois/Air       8%         N/A       19%         2
 Dazzling Flash           Conj/Hex       14%        N/A       26%         3
 Petrify                  Tmut/Erth      17%        N/A       32%         4
 Iskenderun's Mystic Bla  Conj/Tloc      7%         2d4       65%         4
 Ice Form                 Ice/Tmut       6%         N/A       69%         4
 Starburst                Conj/Fire      3%         6d3       100%        6


Dungeon Overview and Level Annotations

Branches:
Dungeon (3/15)

Altars:
Xom

Shops:
D:2 *   D:3 !


Message History

Unknown command.
Casting: Sandblast (safe; 1% risk of failure)
Confirm with . or Enter, or press ? or * to list all spells.
The spell is quite dangerous to miscast (9% risk of failure)!
Continue anyway?
Aiming: Stone Arrow (quite dangerous; 9% risk of failure)
Press: ? - help, Shift-Dir - straight line, f - orc priest
Aim: an orc priest, wielding a +0 morningstar and wearing a +0 ring mail (72% to hit)
The stone arrow hits the orc priest but does no damage.
Casting: Stone Arrow (quite dangerous; 9% risk of failure)
Confirm with . or Enter, or press ? or * to list all spells.
The spell is quite dangerous to miscast (9% risk of failure)!
Continue anyway?
Aiming: Stone Arrow (quite dangerous; 9% risk of failure)
Press: ? - help, Shift-Dir - straight line, f/p - orc priest
Aim: an orc priest, wielding a +0 morningstar and wearing a +0 ring mail (72% to hit)
The stone arrow hits the orc priest!
The orc priest is severely wounded.
Casting: Stone Arrow (quite dangerous; 9% risk of failure)
Confirm with . or Enter, or press ? or * to list all spells.
Aiming: Sandblast (safe; 1% risk of failure)
Press: ? - help, Shift-Dir - straight line, f/p - orc priest
Aim: an orc priest, wielding a +0 morningstar and wearing a +0 ring mail (severely wounded, 83% to hit)
The blast of sand hits the orc priest.
The orc priest is almost dead.
The orc shouts!
The orc priest misses you.
Casting: Sandblast (safe; 1% risk of failure)
Confirm with . or Enter, or press ? or * to list all spells.
Aiming: Sandblast (safe; 1% risk of failure)
Press: ? - help, Shift-Dir - straight line, f/p - orc priest
Aim: an orc priest, wielding a +0 morningstar and wearing a +0 ring mail (almost dead, 83% to hit)
The blast of sand hits the orc priest.
The orc priest is almost dead.
The orc priest calls down the wrath of Beogh upon you.
Beogh smites you!
You barely miss the orc priest.
The orc priest is almost dead.
The orc priest mumbles some strange prayers to Beogh against you.
Beogh smites you!
Ouch! That really hurt!
You die... #.. #.# #.# #.# #..#####.# #.# #.. #.....##.# #.# ### #o#.##.# #.# #.#.##.### #.# #.#.##...# #.##### #o#.##.#.## #.>...# #)#o#PPP.PPPPPPP#.#

#.#@#P.P.P.......)#
#.#o#P.P.P.P.PPP..#
#.#o...P.P.P.P.P#.#
#....P.P.P.PPP.P#.#
###..P...P.....P..#
###P.PPPPP.P.P#.#
#P.P...P.P.P#.#
#P.P.P.PPP.P#.##
#P...P.P...P#.##


You could see an orc priest and 2 orcs.

Vanquished Creatures
  2 orc wizards (D:3)
  A hound skeleton (D:3)
  3 adders (D:2)
  4 worms
  2 dart slugs (D:1)
  5 orcs (D:3)
  6 endoplasms
  A giant cockroach (D:3)
  11 goblins
  2 hobgoblins (D:2)
  2 quokkas
  2 ball pythons
  2 bats
  3 frilled lizards
  6 kobolds
  7 rats
59 creatures vanquished.

Vanquished Creatures (others)
  A plant (D:2)
1 creature vanquished.

Grand Total: 60 creatures vanquished

Notes
Turn   | Place    | Note
-------+----------+-------------------------------------------
     0 | D:1      | hawla the Deep Elf Earth Elementalist began the quest for
                  | the Orb.
     0 | D:1      | Reached XP level 1. HP: 10/10 MP: 6/6
   446 | D:1      | Reached XP level 2. HP: 15/15 MP: 6/8
   449 | D:1      | Learned a level 2 spell: Passwall
   728 | D:1      | Got Sayg Jio's Tome of Fiery Moulding
   915 | D:1      | Found a shimmering altar of Xom.
   935 | D:2      | Reached XP level 3. HP: 19/19 MP: 6/10
   983 | D:2      | Reached skill level 4 in Earth Magic
  1163 | D:2      | Found Jismu's Assorted Antiques.
  1194 | D:2      | Reached XP level 4. HP: 24/24 MP: 9/12
  1198 | D:2      | Learned a level 3 spell: Stone Arrow
  2451 | D:3      | Found Ites's Distillery.
  2478 | D:3      | Reached skill level 1 in Conjurations
  2514 | D:3      | Reached skill level 5 in Earth Magic
  2622 | D:3      | Reached XP level 5. HP: 25/28 MP: 5/13
  2777 | D:3      | Killed from afar by an orc priest

Illustrated notes

Levels and vault maps discovered:
D:1:      dpeg_arrival_lava_altar, layout_basic, serial_park_tiny_pond
D:2:      layout_basic, serial_shops, nicolae_shop_overgrown_old_shop,
          hellmonk_ecumenical_altar_inner_sanctum, dk_vineyard_1,
          lemuel_flame_loot_1
D:3:      minmay_thinvault, layout_loops_ring, serial_shops,
          nicolae_shop_waterfront, minmay_hedge_maze

Skill      XL: |  1  2  3  4 |
---------------+-------------+-----
Spellcasting   | 4 |  4.2
Earth Magic    | 4 5 |  5.3
Conjurations   | 1 |  1.8
Dodging        | |  2.7
Stealth        | |  2.9
Transmutations | |  1.1

Action                   |  1- 3 |  4- 6 || total
-------------------------+-------+-------++-------
Melee: Unarmed           |    10 |       ||    10
       Dagger            |       |    22 ||    22
       Short sword       |       |     4 ||     4
       Punch             |       |     1 ||     1
 Cast: Sandblast         |    47 |    12 ||    59
       Passwall          |     2 |     1 ||     3
       Stone Arrow       |       |    21 ||    21
  Use: Scroll            |       |     4 ||     4
       Potion            |       |     1 ||     1
 Stab: Sleeping          |     1 |     1 ||     2
Armor: Robe              |     1 |       ||     1
Dodge: Dodged            |    11 |    12 ||    23
